 Dungeon Crawl Stone Soup version 0.30.1-11-g7821555f0a (webtiles) character file.

Game seed: 5986961262057333772

482 RancidPinata the Trooper (level 7, -6/44 HPs)
             Began as a Gargoyle Gladiator on Dec 6, 2023.
             Mangled by a black bear (7 damage)
             ... on level 4 of the Dungeon.
             The game lasted 00:12:47 (3032 turns).

RancidPinata the Trooper (Gargoyle Gladiator)       Turns: 3032, Time: 00:12:47

Health: -6/44      AC:  5    Str: 17    XL:     7   Next: 12%
Magic:  8/9        EV: 12    Int: 11    God:
Gold:   128        SH:  0    Dex: 11    Spells: 8/9 levels left

rFire   . . .        a - +0 flail
rCold   . . .        (no shield)
rNeg    + . .        (no body armour)
rPois   ∞            c - +0 helmet
rElec   +            (no cloak)
rCorr   .            (no gloves)
SInv    .            (no boots)
Will    .....        (no amulet)
Stlth   +            (no ring)
HPRegen 0.27/turn    (no ring)
MPRegen 0.11/turn

%: no passive effects
@: no status effects
A: sickness immunity, AC +4, negative energy resistance 1, electricity
resistance, torment resistance 1, petrification resistance
a: no special abilities


You were on level 4 of the Dungeon.
You visited 1 branch of the dungeon, and saw 4 of its levels.

You collected 128 gold pieces.

Inventory:

Hand Weapons
 a - a +0 flail (weapon)
Missiles
 e - a javelin (quivered)
 g - 58 stones
 x - 6 boomerangs
Armour
 b - the +0 robe "Wepoell" {rF+ Str+3 Slay+2}
   (You found it on level 4 of the Dungeon)

   Str:       It affects your strength (+3).
   Slay:      It affects your accuracy & damage with ranged weapons and melee
   (+2).
   rF:        It protects you from fire.
 c - a +0 helmet (worn)
 o - a +0 ring mail
Jewellery
 i - a ring of ice
Scrolls
 f - a scroll of vulnerability {unknown}
 h - 3 scrolls of teleportation {unknown}
 j - a scroll of enchant weapon {unknown}
 k - a scroll of fear {unknown}
 m - 5 scrolls of identify {unknown}
 n - a scroll of magic mapping {unknown}
 p - a scroll of poison {unknown}
 r - a scroll of blinking {unknown}
 s - a scroll of fog {unknown}
 w - a scroll of enchant armour {unknown}
Potions
 l - 3 potions of lignification {unknown}
 q - 2 potions of attraction {unknown}
 t - 2 potions of curing
 u - a potion of brilliance {unknown}
 v - a potion of degeneration {unknown}


   Skills:
 * Level 4.6 Fighting
 * Level 4.1 Maces & Flails
 + Level 2.8 Throwing
 + Level 2.3 Armour
 - Level 2.4 Dodging
 + Level 1.9 Spellcasting
 * Level 3.7 Earth Magic


You had 8 spell levels left.
You knew the following spells:

 Your Spells              Type           Power      Damage    Failure   Level
a - Sandblast             Erth           18%        2d7       6%          1

Your spell library contained the following spells:

 Spells                   Type           Power      Damage    Failure   Level
 Passwall                 Tmut/Erth      4%         N/A       21%         2
 Stone Arrow              Conj/Erth      10%        3d7       38%         3
 Summon Lightning Spire   Summ/Air       1%         N/A       96%         4
 Storm Form               Tmut/Air       0%         N/A       100%        7
 Maxwell's Capacitive Co  Air            0%         ∞         100%        8


Dungeon Overview and Level Annotations

Branches:
Dungeon (4/15)
 Temple: D:4-7

Altars:
Hepliaklqana
Wu Jian


Innate Abilities, Weirdness & Mutations

You are immune to sickness and miasma.
Your stone body is resilient. (AC +4)
You are immune to poison.
You resist negative energy. (rN+)
You are resistant to electric shocks. (rElec)
You are resistant to unholy torment.
You are immune to petrification.


Message History

You thump the black bear!
The black bear is almost dead.
The black bear barely misses you. The black bear claws you.
The black bear barely misses you.
You barely miss the black bear.
The black bear is almost dead.
The black bear bites you. The black bear barely misses you.
The black bear claws you.
You closely miss the black bear.
The black bear is almost dead.
The black bear bites you but does no damage.
The black bear claws you. The black bear closely misses you.
The black bear goes berserk!
You hit the black bear.
The black bear is almost dead.
The black bear barely misses you.
The black bear claws you but does no damage.
The black bear claws you.
You hit the black bear.
The black bear is almost dead.
The black bear barely misses you. The black bear claws you. x2
The black bear bites you. The black bear claws you.
The black bear closely misses you.
You hit the black bear.
The black bear is almost dead.
The black bear bites you! The black bear claws you.
The black bear closely misses you. The black bear misses you.
The black bear claws you.
* * * LOW HITPOINT WARNING * * *
The black bear barely misses you.
You barely miss the black bear.
The black bear is almost dead.
The black bear bites you.
* * * LOW HITPOINT WARNING * * *
The black bear claws you.
* * * LOW HITPOINT WARNING * * *
The black bear claws you.
* * * LOW HITPOINT WARNING * * *
The black bear bites you!
You die...

.. # #.## ###.#
#...# ##...
#..###.>.##.#
###...........≈
#...#.#.####^##
#.##.........≈#
#....#.h####^^^
###.....@#
...?....####...
.?...........≈.
P....##.#####^#
##... #[# #..
#)# ... #.# .
#.# #.# ... ..


You could see a black bear (berserk).

Vanquished Creatures
  Sigmund (D:2)
  A black bear (D:4)
  A jelly (D:4)
  Natasha (thrice) (D:2)
  Terence (D:1)
  3 adders
  3 dart slugs
  2 orcs (D:3)
  8 ball pythons
  5 bats
  6 endoplasms
  6 giant cockroaches
  7 goblins
  5 hobgoblins
  4 jackals (D:1)
  4 kobolds
  2 quokkas
  5 frilled lizards
  5 rats
72 creatures vanquished.

Notes
Turn   | Place    | Note
-------+----------+-------------------------------------------
     0 | D:1      | RancidPinata the Gargoyle Gladiator began the quest for the
                  | Orb.
     0 | D:1      | Reached XP level 1. HP: 12/12 MP: 1/1
   108 | D:1      | Reached XP level 2. HP: 16/18 MP: 2/2
   330 | D:1      | Learned a level 1 spell: Sandblast
   419 | D:1      | Reached skill level 1 in Armour
   419 | D:1      | Reached XP level 3. HP: 21/22 MP: 3/3
   680 | D:1      | Reached skill level 1 in Earth Magic
   875 | D:2      | Noticed Natasha
   895 | D:2      | Killed Natasha
   896 | D:2      | Reached XP level 4. HP: 14/28 MP: 2/4
  1125 | D:2      | Found a faded altar of an unknown god.
  1206 | D:2      | Noticed Sigmund
  1224 | D:2      | Killed Sigmund
  1225 | D:2      | Reached skill level 1 in Spellcasting
  1225 | D:2      | Reached XP level 5. HP: 18/33 MP: 5/7
  1225 | D:2      | Reached XP level 6. HP: 20/38 MP: 5/8
  1465 | D:2      | Noticed Natasha
  1478 | D:2      | Killed Natasha
  1554 | D:2      | Noticed Terence
  1573 | D:1      | Killed Terence
  1817 | D:2      | Found an ornate altar of the Wu Jian Council.
  1836 | D:2      | Noticed Natasha
  1863 | D:2      | Killed Natasha
  2815 | D:4      | Found a hazy altar of Hepliaklqana.
  2864 | D:4      | Noticed a black bear
  2881 | D:4      | Killed a black bear
  2882 | D:4      | Reached XP level 7. HP: 18/44 MP: 9/9
  3011 | D:4      | Identified the +0 robe "Wepoell" {rF+ Str+3 Slay+2}
  3032 | D:4      | HP: 1/44 [black bear (2)]
  3032 | D:4      | Mangled by a black bear

Illustrated notes

Levels and vault maps discovered:
D:1:      dpeg_arrival_simpleton_a, layout_basic
D:2:      layout_basic, hellmonk_ecumenical_altar_lost_god,
          grunt_decor_arrowhead, hangedman_feature_mirror, minivault_26,
          minmay_hexomino_r4, uniq_sigmund, uniq_natasha, uniq_terence
D:3:      layout_rooms
D:4:      layout_rooms, mainiacjoe_overflow_chevrons, general_overflow_altar,
          nemelex_dance_club_becter, nicolae_uskayaw_suspiria,
          grunt_qazlal_sundering, minmay_temple_entry_gardened_gates

Skill      XL: |  1  2  3  4  5  6 |
---------------+-------------------+-----
Throwing       | 2 |  2.8
Armour         | 1 2 |  2.3
Fighting       | 3 4 |  4.6
Earth Magic    | 1 2 3 |  3.7
Spellcasting   | 1 |  1.9
Maces & Flails | 4 |  4.1
Dodging        | |  2.4

Action                     |  1- 3 |  4- 6 |  7- 9 || total
---------------------------+-------+-------+-------++-------
  Melee: Flail             |    94 |   167 |     9 ||   270
         Punch             |       |     3 |       ||     3
  Throw: Throwing net      |       |     3 |       ||     3
   Cast: Sandblast         |       |    10 |     2 ||    12
    Use: Potion            |       |     1 |       ||     1
   Stab: Held in net/web   |       |     1 |       ||     1
 Armour: Leather armour    |    30 |       |       ||    30
         Ring mail         |     3 |   109 |       ||   112
         Skin              |       |       |     3 ||     3
  Dodge: Dodged            |    77 |   107 |    12 ||   196
